 Dungeon Crawl Stone Soup version 0.28.0-43-g3370ac3207 (webtiles) character file.

Game seed: 6219287612564958553

9 cbfl8 the Sneak (level 2, 0/27 HPs)
             Began as a Minotaur Delver on Mar 1, 2022.
             Succumbed to an adder's poison
             ... on level 5 of the Dungeon.
             The game lasted 00:00:17 (29 turns).

cbfl8 the Sneak (Minotaur Delver)                     Turns: 29, Time: 00:00:17

Health: 0/27       AC:  3    Str: 16    XL:     2   Next: 3%
Magic:  1/1        EV: 11    Int:  7    God:
Gold:   9          SH:  0    Dex: 11    Spells: 1/1 levels left

rFire   . . .      SeeInvis .   a - +0 hand axe
rCold   . . .      Faith    .   (no shield)
rNeg    . . .      Spirit   .   b - +0 leather armour
rPois   .          Reflect  .   (helmet restricted)
rElec   .          Harm     .   (no cloak)
rCorr   .          Rampage  .   (no gloves)
Will    .....                   (no boots)
Stlth   ++........              (no amulet)
HPRegen 0.09/turn               (no ring)
MPRegen 0.07/turn               (no ring)

@: lethally poisoned (0 -> -1)
A: horns 2, retaliatory headbutt
a: no special abilities


You were on level 5 of the Dungeon.
You visited 1 branch of the dungeon, and saw 1 of its levels.

You collected 9 gold pieces.

Inventory:

Hand Weapons
 a - a +0 hand axe (weapon)
Armour
 b - a +0 leather armour (worn)
Wands
 g - a wand of digging (3)
Scrolls
 c - a scroll of fog
Potions
 f - a potion of haste


   Skills:
 + Level 3.7 Fighting
 + Level 2.5 Axes
 + Level 2.2 Dodging
 + Level 4.4 Stealth


You had one spell level left.
You didn't know any spells.
Your spell library was empty.

Dungeon Overview and Level Annotations

Branches:
Dungeon (5/15)
 Temple: D:4-7

Altars:


Innate Abilities, Weirdness & Mutations

You have a pair of horns on your head.
You reflexively headbutt those who attack you in melee.


Message History

Found a lead wand. 2 jackals and an adder come into view.
The jackal barks!
The adder hisses angrily.
A jackal comes into view. x2
The adder moves out of view.
The jackal barks! x3; You hear an angry hiss.
The adder bites you.
You are poisoned.
The adder poisons you!
You feel sick. The adder closely misses you.
You closely miss the adder.
You feel sick. The adder misses you. The adder bites you.
You are lethally poisoned!
The adder poisons you!
You closely miss the adder. You closely miss the jackal.
You feel sick. The jackal bites you. The adder barely misses you.
You furiously retaliate!
You headbutt the adder. The jackal barely misses you.
The jackal closely misses you.
You hit the adder. You headbutt the adder.
You kill the adder!
You hit the jackal but do no damage. x2
* * * LOW HITPOINT WARNING * * *
You feel sick.
The jackal bites you but does no damage.
The jackal barely misses you. The jackal bites you.
* * * LOW HITPOINT WARNING * * *
You have reached level 2!
Okay, then.
As you read the scroll of fear, it crumbles to dust.
You assume a fearsome visage.
The jackal looks frightened! x4
* * * LOW HITPOINT WARNING * * *
You feel sick.
* * * LOW HITPOINT WARNING * * *
You feel sick.
* * * LOW HITPOINT WARNING * * *
You feel sick.
Found a stone staircase leading up.
* * * LOW HITPOINT WARNING * * *
You feel sick.
You die...

,,,,,,,,,,,,,,***
,,,,,,,,,,,...**
,,,,,,,,,,,*..,*
,,,,,,****###.##*
,,,,,,***##.....##
,,,,,,,#.........#
,****,,.....<....####
,***,,,.............#
,,,,,**#..hh.,#.@...#
,,,,,* #.#...*##.#..#
,,,,***##....###....#
,,,*#*,...h/........#
,.....,,..##....##..#
,......*#####...#*###
*.......#.......#
,...............##
*...#....#.......#


There were no monsters in sight!

Vanquished Creatures
  An adder (D:5)
1 creature vanquished.

Notes
Turn   | Place    | Note
-------+----------+-------------------------------------------
     0 | D:5      | cbfl8 the Minotaur Delver began the quest for the Orb.
     0 | D:5      | Reached XP level 1. HP: 19/19 MP: 0/0
     3 | D:5      | Noticed an orc wizard
    25 | D:5      | Reached XP level 2. HP: 5/27 MP: 1/1
    28 | D:5      | HP: 1/27 [poisoned by an adder]
    29 | D:5      | Succumbed to an adder's poison

Illustrated notes

Levels and vault maps discovered:
D:5:      layout_cave_pools, guppyfry_early_orc_mine, uniq_sigmund

Action                   || total
-------------------------++-------
Melee: Hand axe          ||     3
       Headbutt          ||     1
  Use: Scroll            ||     2
Armor: Leather armour    ||     1
Dodge: Dodged            ||     6
